Map: Dusk Towers

Players

Serral - Winner!

  • Race: Zerg Zerg
  • League: Grandmaster

Lambo

  • Race: Zerg Zerg
  • League: Grandmaster

Event: 2016 WCS Winter Challenger Europe

VOD

Have the link to the VOD?

Description

Time

  • Played on: Feb. 13, 2016, 12:59 p.m.
  • Length: 12:51

All games in this series

Show
View Real Time Build Order
Export as new Build Order

Serral Zerg - Winner!

Build Orders: Hatch First 

Get SALT Encoding   

  12  0:00  Drone  
  13  0:13  Overlord  
  13  0:17  Drone  
  14  0:31  Drone x2  
  14  0:35  Drone  
  17  0:51  Hatchery  
  17  0:55  Drone  
  17  0:57  Drone  
  17  1:00  Extractor  
  17  1:12  Spawning Pool  
  17  1:16  Drone  
  17  1:19  Drone  
  18  1:29  Drone  
  19  1:41  Overlord  
  19  2:00  Zergling x4, Queen  
  23  2:01  Baneling Nest  
  23  2:03  Queen  
  23  2:08  Drone  
  25  2:11  Drone  
  25  2:15  Drone  
  27  2:20  Metabolic Boost  
  27  2:24  Drone  
  27  2:27  Drone  
  29  2:33  Drone  
  29  2:35  Zergling x2  
  31  2:44  Drone  
  32  2:47  Drone  
  33  3:00  Drone  
  33  3:04  Hatchery  
  33  3:05  Overlord, Drone  
  32  3:08  Drone  
  34  3:13  Drone  
  34  3:14  Drone  
  36  3:20  Overlord  
  36  3:24  Drone x3  
  39  3:33  Zergling x6  
  42  3:35  Baneling x2  
  42  3:39  Zergling x6  
  42  3:41  Zergling x2  
  45  3:46  Baneling  
  45  3:48  Zergling x8  
  49  3:53  Baneling x3  
  48  3:56  Zergling x4  
  48  3:59  Evolution Chamber  
  49  4:03  Zergling x2  
  49  4:06  Hatchery  
  49  4:09  Drone  
  51  4:10  Extractor x2  
  51  4:12  Drone  
  51  4:14  Drone x2  
  51  4:16  Overlord  
  51  4:27  Drone  
  51  4:29  Overlord, Zerg Missile Weapons Level 1  
  52  4:35  Drone  
  52  4:36  Drone x3  
  56  4:39  Drone  
  56  4:43  Drone  
  56  4:44  Drone  
  56  4:46  Drone  
  56  4:49  Roach Warren  
  54  4:54  Lair  
  54  4:58  Drone x2  
  54  4:59  Drone  
  55  5:02  Overlord  
  55  5:03  Drone  
  55  5:07  Drone x2  
  58  5:15  Overlord  
  58  5:20  Queen  
  59  5:21  Drone  
  59  5:22  Drone x2  
  61  5:32  Roach  
  61  5:33  Roach x4  
  70  5:35  Drone x2  
  70  5:36  Drone  
  70  5:38  Drone x2  
  70  5:41  Drone, Extractor  
  70  5:42  Extractor  
  73  5:46  Drone  
  73  5:49  Drone  
  75  5:50  Glial Reconstitution  
  75  5:51  Overseer  
  75  5:53  Drone  
  76  5:57  Drone  
  76  6:00  Ravager x2  
  76  6:01  Ravager  
  76  6:02  Overlord, Ravager  
  81  6:04  Overlord  
  81  6:05  Drone x3  
  81  6:06  Drone  
  81  6:07  Drone x2  
  87  6:13  Pneumatized Carapace  
  87  6:17  Overlord, Drone  
  87  6:18  Roach  
  90  6:20  Overlord  
  90  6:23  Overlord x2  
  90  6:31  Hydralisk Den  
  90  6:32  Extractor  
  88  6:35  Drone x3  
  88  6:37  Overlord x2  
  91  6:44  Roach x3  
  91  6:45  Roach x2  
  101  6:52  Drone  
  101  6:53  Drone x2  
  104  6:54  Hatchery  
  104  6:58  Zerg Missile Weapons Level 2  
  103  7:04  Muscular Augments  
  103  7:06  Roach x3  
  109  7:11  Roach x3  
  109  7:15  Overlord  
  115  7:16  Roach x2  
  115  7:19  Roach  
  121  7:23  Roach x3  
  121  7:28  Spore Crawler  
  121  7:29  Spore Crawler  
  125  7:32  Overlord, Spore Crawler  
  124  7:41  Ravager  
  124  7:42  Ravager x4  
  124  7:43  Roach x4  
  140  7:56  Roach x2  
  140  7:57  Roach x3  
  147  8:00  Drone x2, Extractor  
  147  8:04  Roach x4  
  147  8:05  Infestation Pit  
  155  8:06  Ravager x2  
  155  8:07  Queen  
  155  8:09  Drone x2  
  161  8:15  Overseer  
  161  8:17  Extractor  
  160  8:20  Overlord x2, Drone x3  
  160  8:22  Roach x3  
  169  8:28  Roach x3  
  171  8:41  Hive  
  171  8:44  Overlord  
  171  8:45  Roach x4  
  171  8:46  Roach x2  
  183  8:59  Overlord  
  183  9:03  Hydralisk x4  
  183  9:08  Overlord x2  
  191  9:13  Overlord  
  191  9:17  Zerg Ground Armor Level 1  
  191  9:18  Hydralisk x4  
  191  9:24  Spine Crawler  
  192  9:33  Roach x9  
  192  9:36  Roach x2  
  193  9:42  Roach x2  
  193  9:43  Roach x2  
  185  9:50  Roach x6  
  191  9:52  Ravager  
  191  9:53  Ravager x5  
  188  10:00  Roach x2  
  188  10:01  Roach x3  
  190  10:07  Roach x2  
  172  10:14  Roach  
  172  10:15  Roach x3  
  180  10:21  Viper x2  
  186  10:35  Burrow  
  186  10:37  Hydralisk x3  
  192  10:46  Hatchery  
  192  10:49  Ravager  
  192  10:51  Viper  
  195  11:01  Hydralisk x2  
  199  11:15  Lurker Den  
  199  11:18  Overlord x2  
  199  11:19  Overlord  
  199  11:42  Ravager  
  143  12:04  Hydralisk x4  
  143  12:05  Hydralisk x14  
  143  12:07  Roach  
  143  12:08  Roach x17  
  186  12:14  Roach x2  
  186  12:15  Roach x2  
  194  12:16  Roach  
  196  12:27  Roach x4  
Show
View Real Time Build Order
Export as new Build Order

Lambo Zerg 

Build Orders: Hatch First, Lurkers 

Get SALT Encoding   

  12  0:01  Drone  
  13  0:13  Overlord  
  13  0:17  Drone  
  14  0:31  Drone x2  
  16  0:36  Drone  
  17  0:54  Hatchery  
  17  0:55  Drone  
  17  0:57  Drone  
  18  1:09  Extractor  
  17  1:11  Spawning Pool  
  17  1:15  Drone  
  17  1:18  Drone  
  18  1:28  Drone  
  19  1:43  Overlord  
  19  1:52  Drone  
  20  1:59  Queen  
  22  2:04  Zergling x2  
  22  2:06  Queen  
  22  2:07  Drone  
  26  2:10  Metabolic Boost  
  26  2:12  Drone  
  27  2:21  Drone  
  28  2:28  Zergling x2  
  29  2:33  Hatchery  
  29  2:35  Drone  
  29  2:41  Drone  
  30  2:48  Drone, Roach Warren  
  30  2:54  Overlord  
  30  3:05  Zergling x8  
  31  3:12  Zergling x6  
  37  3:18  Overlord  
  37  3:20  Drone x2  
  39  3:28  Drone  
  39  3:29  Drone  
  40  3:37  Drone x2  
  42  3:49  Drone x7  
  47  3:56  Queen  
  47  4:02  Roach  
  52  4:03  Roach x3  
  52  4:09  Extractor  
  54  4:10  Extractor  
  54  4:11  Evolution Chamber, Roach  
  54  4:16  Roach  
  55  4:20  Drone  
  55  4:25  Drone x2  
  57  4:40  Overlord  
  54  4:46  Roach  
  52  4:53  Drone x2  
  52  4:54  Drone x2  
  52  4:55  Queen  
  52  4:58  Drone x2  
  58  5:03  Overlord  
  58  5:04  Drone x8  
  66  5:09  Lair  
  66  5:11  Overlord  
  66  5:19  Overlord  
  66  5:21  Overlord  
  64  5:31  Drone x9  
  64  5:35  Extractor  
  71  5:36  Extractor  
  71  5:37  Extractor  
  71  5:38  Zerg Missile Weapons Level 1  
  71  5:39  Drone x3  
  72  5:43  Drone x2  
  74  5:54  Drone x2  
  74  5:55  Drone  
  77  6:02  Overlord  
  77  6:03  Overlord  
  77  6:04  Drone x4  
  77  6:05  Drone  
  77  6:08  Spire, Glial Reconstitution  
  77  6:10  Roach x4  
  89  6:14  Roach  
  91  6:19  Roach x2  
  91  6:20  Roach  
  97  6:28  Overlord  
  97  6:40  Overlord  
  97  6:43  Overlord x4  
  98  6:49  Drone  
  98  6:50  Hydralisk Den  
  98  6:51  Overlord  
  98  6:53  Hatchery, Overseer  
  97  6:58  Drone  
  97  7:01  Roach x6  
  110  7:08  Roach x5  
  120  7:12  Overlord  
  120  7:13  Roach x2  
  124  7:18  Overlord  
  124  7:19  Roach x3  
  124  7:20  Roach  
  124  7:21  Lurker Den  
  132  7:24  Overlord  
  134  7:30  Roach x2  
  134  7:36  Overlord  
  136  7:44  Roach x10  
  150  7:48  Extractor  
  155  7:51  Extractor  
  155  7:57  Hydralisk x3  
  155  7:58  Hydralisk x2  
  156  8:01  Pneumatized Carapace  
  156  8:04  Hydralisk x2  
  164  8:07  Ravager  
  164  8:08  Ravager x2  
  164  8:09  Ravager  
  164  8:10  Roach x4  
  176  8:23  Roach x4  
  176  8:24  Overlord x2  
  184  8:49  Lurker x6, Extractor x2  
  184  8:53  Roach x4  
  184  8:54  Roach x2  
  198  9:08  Roach  
  200  9:23  Zerg Missile Weapons Level 2, Muscular Augments  
  170  9:38  Roach x14  
  168  9:39  Roach x3  
  166  9:46  Roach x8  
  166  9:52  Roach x4  
  164  10:10  Roach x7  
  152  10:17  Roach x5  
  152  10:18  Overseer  
  152  10:21  Roach  
  150  10:26  Roach  
  150  10:27  Roach x3  
  158  10:30  Roach  
  158  10:34  Ravager x2  
  162  10:37  Roach  
  162  10:40  Roach x2  
  168  10:44  Roach x3  
  168  10:48  Roach x2  
  168  10:49  Hatchery  
  177  10:52  Overlord  
  177  10:59  Roach x4  
  185  11:06  Overlord  
  185  11:09  Ravager  
  185  11:10  Overlord, Ravager  
  187  11:12  Ravager  
  187  11:13  Ravager  
  187  11:14  Ravager  
  187  11:16  Hydralisk  
  187  11:17  Hydralisk  
  194  11:22  Overlord  
  194  11:26  Drone x2  
  194  11:31  Roach  
  194  11:32  Roach  
  195  11:57  Roach  
  195  11:58  Roach x13  
  184  12:02  Roach x2  
  184  12:08  Roach x2  
  183  12:16  Roach x3  
  183  12:18  Ravager  
  183  12:19  Ravager  
  183  12:20  Lurker  
  192  12:23  Ravager  
  192  12:25  Roach  
  193  12:30  Roach x2  
Tags
 
Add a new tag
Caveats
  • Supply blocks, unpowered buildings, or Contaminate may cause inaccurate times.
  • Supply counts are checked every 10 seconds.